 Dungeon Crawl Stone Soup: Circus Animals version 1.7-37-g2c94cca (webtiles) character file.

2 Ihatecarrots00 the Grave Robber (level 3, 58/58 (59) HPs) *EASY*
             Began as a Sludge Elf Necromancer on May 11, 2017.
             Quit the game on level 2 of the Dungeon.
             The game lasted 00:03:09 (1071 turns).

Ihatecarrots00 the Grave Robber (SENe)              Turns: 1071, Time: 00:03:09

HP:   58/58 (59)    AC:  3    Str:  6    XL:     3   Next: 31%
MP:   50/50         EV: 14    Int: 13    God:
Gold: 43            SH:  0    Dex: 12    Spells: 1 memorised, 7 levels left

rFire  . . .     rPois    .     (no weapon)
rCold  . . .     rElec    .     a - +1 robe
rNeg   . . .     rCorr    .     (no shield) MagicSh . . . SeeInvis .
                                (no helmet) StaminaSh . . . Faith .
                                (no cloak) RegenHP ++........
SustAt .                        (no gloves) RegenSP +++....... Dismiss .
                                (no boots) RegenMP ++........ Reflect .
                                (no amulet)
MR     .....     Harm     .     (no ring)
Stlth  ++........               (no ring)

@: slow, not resistant to hostile enchantments, unstealthy
A: subdued magic 3, weak dna 1
a: no special abilities


You were on level 2 of the Dungeon.
You were not hungry.

You visited 1 branch of the dungeon, and saw 2 of its levels.

You collected 43 gold pieces.

Inventory:

Armour
 a - a +1 robe (worn)
Jewellery
 b - a +4 ring of strength {unknown}
Scrolls
 e - a scroll of noise {unknown}
 f - a scroll of teleportation {unknown}
 i - 4 scrolls of enchant armour
 j - a scroll of identify
 l - a scroll of fear {unknown}
Potions
 b - 5 potions of heal wounds
 c - 4 potions of stamina
 d - 4 potions of magic
 g - a potion of invisibility {unknown}
 h - a potion of curing
 k - a potion of berserk rage {unknown}
Books
 a - a book of Necromancy

   Spells                             Type                      Level
   a - Pain                           Necromancy                   1
   b - Animate Skeleton               Necromancy                   1
   c - Vampiric Draining              Hexes/Necromancy             3
   d - Regeneration                   Charms/Necromancy            3
   e - Animate Dead                   Transmutation/Necromancy     4
   f - Control Undead                 Hexes/Necromancy             4


   Skills:
 - Level 2.0 Dodging
 - Level 2.1 Stealth
 * Level 3.0 Spellcasting
 * Level 4.2 Necromancy


You had 7 spell levels left.
You knew the following spells:

 Your Spells              Type           Power        Failure   Level  Hunger
a - Pain                  Necr           #.........   1%          1    ##.....


Dungeon Overview and Level Annotations

Branches:
Dungeon (2/7)

Altars:


Innate Abilities, Weirdness & Mutations

Your spells are much easier to cast, but much less powerful.
You are slightly more likely to lose good mutations.


Message History

Sorry, you're not good enough to have a special ability.
You can't see any susceptible monsters within range! (Use Z to cast anyway.) Sorry, you're not good enough to have a special ability.
You can't see any susceptible monsters within range! (Use Z to cast anyway.)
You can't see any susceptible monsters within range! (Use Z to cast anyway.) Unknown command.
You can't see any susceptible monsters within range! (Use Z to cast anyway.) Unknown command.
Exploring the dungeon...
A kobold comes into view. (hp=3, hd=1)
A kobold is nearby!
A kobold is nearby!
A kobold is nearby!
You can't see any susceptible monsters within range! (Use Z to cast anyway.)
A quokka comes into view. (hp=6, hd=1)
Found a scroll of identify.
You can't see any susceptible monsters within range! (Use Z to cast anyway.) Unknown command.
You don't know that spell.
Are you sure you want to abandon this character and quit the game? (Confirm with "yes".)

#. ###.#### #......#
###.#.##.# #.
.....##.# ... #...##$#
###
#.....##...##.###...r.
#.............@......?
.....#.#..####.#...K.
##..)[.#.........# ###
#........††.###### #.#
#.####.## #.###.####.#
##.#........#
#)....†.#####
#..#.#<.#


You could see a quokka (sleeping) and a kobold (sleeping).

Vanquished Creatures
  2 giant geckos
  A ball python (D:1)
  A giant cockroach (D:2)
  A goblin (D:1)
  A hobgoblin (D:1)
  4 kobolds
  A giant newt (D:1)
  A worm (D:2)
12 creatures vanquished.

Notes
Turn   | Place    | Note
-------+----------+-------------------------------------------
     0 | D:1      | Ihatecarrots00 the Sludge Elf Necromancer began the quest for the Orb.
     0 | D:1      | Reached XP level 1. HP: 37/37 MP: 50/50
   401 | D:1      | Reached XP level 2. HP: 46/48 MP: 36/50
  1014 | D:2      | Reached XP level 3. HP: 58/59 MP: 36/50
  1056 | D:2      | HP: 5/58 [giant gecko (1)]
  1056 | D:2      | HP: 1/58 [giant gecko (4)]
  1071 | D:2      | Quit the game

Skill      XL: |  1  2 |
---------------+-------+-----
Spellcasting   | 3 |  3.0
Dodging        | |  2.0
Stealth        | |  2.1
Necromancy     | |  4.2

Action                   || total
-------------------------++-------
 Cast: Pain              ||    56
  Use: Scroll            ||     4
Armor: Robe              ||     8
Dodge: Dodged            ||    53
